 Dungeon Crawl Stone Soup version 0.30.0-29-ga12c61a403 (webtiles) character file.

Game seed: 8014583146294231217

264 Arctor the Conjurer (level 6, 0/36 HPs)
             Began as a Gargoyle Conjurer on June 23, 2023.
             Slain by a cerulean imp
             ... wielding a +1 spear
             ... summoned by Natasha
              (3 damage)
             ... on level 4 of the Dungeon.
             The game lasted 00:04:25 (3210 turns).

Arctor the Conjurer (Gargoyle Conjurer)             Turns: 3210, Time: 00:04:26

Health: 0/36       AC:  7    Str: 11    XL:     6   Next: 19%
Magic:  1/10       EV: 12    Int: 16    God:
Gold:   215        SH:  0    Dex:  8    Spells: 5/11 levels left

rFire   x . .        g - +0 short sword
rCold   . . .        (no shield)
rNeg    + . .        a - +0 robe
rPois   ∞            s - +0 helmet
rElec   +            (no cloak)
rCorr   .            (no gloves)
SInv    .            (no boots)
Will    .....        (no amulet)
Stlth   ++           (no ring)
HPRegen 0.26/turn    (no ring)
MPRegen 0.12/turn

%: no passive effects
@: mighty, brilliant
A: sickness immunity, AC +4, negative energy resistance 1, electricity
resistance, torment resistance 1, petrification resistance, dopey 2, heat
vulnerability 1, MP-powered wands
a: no special abilities


You were on level 4 of the Dungeon.
You visited 1 branch of the dungeon, and saw 4 of its levels.

You collected 215 gold pieces.

Inventory:

Hand Weapons
 g - a +0 short sword (weapon)
Missiles
 h - 4 curare-tipped darts
 p - a boomerang
Armour
 a - a +0 robe (worn)
 s - a +0 helmet (worn)
Wands
 u - a wand of charming (14)
Scrolls
 c - 2 scrolls of fog
 f - a scroll of vulnerability
 i - 3 scrolls of teleportation {unknown}
 k - a scroll of enchant armour {unknown}
 t - a scroll of silence {unknown}
Potions
 b - a potion of magic
 d - 3 potions of degeneration
 e - 3 potions of attraction
 j - a potion of invisibility
 n - a potion of brilliance
 o - a potion of flight {unknown}
 q - a potion of might


   Skills:
 + Level 2.6 Fighting
 + Level 2.6 Dodging
 + Level 3.8 Stealth
 + Level 3.1 Spellcasting
 + Level 5.2 Conjurations


You had 5 spell levels left.
You knew the following spells:

 Your Spells              Type           Power      Damage    Failure   Level
a - Magic Dart            Conj           100%       1d8       2%          1
b - Searing Ray           Conj           58%        2d6       3%          2
c - Dazzling Flash        Conj/Hex       32%        N/A       19%         3

Your spell library contained the following spells:

 Spells                   Type           Power      Damage    Failure   Level
 Call Canine Familiar     Summ           3%         N/A       50%         3
 Portal Projectile        Hex/Tloc       6%         N/A       50%         3
 Fulminant Prism          Conj/Hex       8%         3d6       52%         4
 Iskenderun's Mystic Bla  Conj/Tloc      16%        2d5       52%         4
 Leda's Liquefaction      Hex/Erth       1%         N/A       88%         4


Dungeon Overview and Level Annotations

Branches:
Dungeon (4/15)
 Temple: D:4-7

Altars:

Annotations:
D:3 2 transporters, booth's ghost, amateur DsRe
D:4 Natasha


Innate Abilities, Weirdness & Mutations

You are immune to sickness and miasma.
Your stone body is resilient. (AC +4)
You are immune to poison.
You resist negative energy. (rN+)
You are resistant to electric shocks. (rElec)
You are resistant to unholy torment.
You are immune to petrification.
You are very dopey. (Int -4)
You are vulnerable to heat. (rF-)
You expend magic power (3 MP) to strengthen your wands.


Message History

You hit Natasha.
Natasha is heavily wounded.
Natasha claws you.
* * * LOW HITPOINT WARNING * * *
The cerulean imp hits you but does no damage.
You feel better.
Natasha hisses.
Natasha closely misses you.
The cerulean imp hits you from afar with a +1 spear.
* * * LOW HITPOINT WARNING * * *
You closely miss Natasha.
Natasha is heavily wounded.
Natasha casts a spell at you.
The magic dart hits you but does no damage.
The cerulean imp barely misses you.
You hit Natasha. Your punch misses Natasha.
Natasha is almost dead.
Natasha claws you!
* * * LOW HITPOINT WARNING * * *
The cerulean imp hits you but does no damage.
You feel better. Natasha casts a spell at you. The magic dart hits you!
* * * LOW HITPOINT WARNING * * *
The cerulean imp closely misses you.
You miss Natasha.
Natasha is almost dead.
Natasha claws you but does no damage.
The cerulean imp hits you from afar with a +1 spear.
* * * LOW HITPOINT WARNING * * *
Casting: Magic Dart (safe; 2% risk of failure)
Confirm with . or Enter, or press ? or * to list all spells.
Aiming: Magic Dart (safe; 2% risk of failure)
Press: ? - help, Shift-Dir - straight line, f - Natasha
Aim: Natasha (almost dead, 100% to hit)
You feel a surge of power!
The magic dart hits Natasha.
Natasha is almost dead.
Natasha misses you.
The cerulean imp hits you from afar with a +1 spear.
You die...

..)........#.♣......##
..........##.P.......#
.......<........?...#
#...............>..###
##....................
#.......♣.♣...[.......
#.......♣.♣..#.#......
#....<..♣†♣h####.....?
####....♣@♣...# ...##
#....♣h♣.h.#.?#....
##...♣5♣.....# ....
##...5......# ...
##.....#.#....
#?....###.... ##.....
.#. ##..... . ##.....


You could see Natasha and 2 cerulean imps.

Vanquished Creatures
  2 orc priests (D:3)
  Jessica (D:2)
  Natasha (D:4)
  An orc wizard (D:3)
  A gnoll (D:1)
  7 adders
  A worm (D:3)
  A dart slug (D:3)
  4 orcs (D:3)
  4 bats
  2 endoplasms (D:2)
  4 giant cockroaches
  4 goblins
  2 hobgoblins
  4 jackals (D:4)
  A quokka (D:1)
  9 ball pythons
  2 frilled lizards
  3 kobolds
  4 rats
58 creatures vanquished.

Notes
Turn   | Place    | Note
-------+----------+-------------------------------------------
     0 | D:1      | Arctor the Gargoyle Conjurer began the quest for the Orb.
     0 | D:1      | Reached XP level 1. HP: 10/10 MP: 3/3
   290 | D:1      | Reached XP level 2. HP: 16/16 MP: 0/5
   781 | D:1      | Reached skill level 1 in Fighting
   781 | D:1      | Reached XP level 3. HP: 20/20 MP: 4/6
  1219 | D:2      | Noticed Jessica
  1225 | D:2      | Killed Jessica
  1226 | D:2      | Reached XP level 4. HP: 25/25 MP: 0/7
  1433 | D:2      | Found a faded altar of an unknown god.
  2133 | D:3      | Reached XP level 5. HP: 30/30 MP: 4/9
  2136 | D:3      | Learned a level 2 spell: Searing Ray
  2140 | D:3      | Learned a level 3 spell: Dazzling Flash
  2257 | D:3      | Reached skill level 5 in Conjurations
  2368 | D:3      | Found a transporter.
  2377 | D:3      | Found a transporter.
  2377 | D:3      | Noticed booth's ghost (amateur DsRe)
  2904 | D:3      | Reached XP level 6. HP: 34/36 MP: 1/10
  3061 | D:3      | Gained mutation: You are dopey. (Int -2) [potion of
                  | mutation]
  3061 | D:3      | Gained mutation: You are vulnerable to heat. (rF-) [potion
                  | of mutation]
  3061 | D:3      | Gained mutation: Armour fits poorly on your strangely
                  | shaped body. [potion of mutation]
  3061 | D:3      | Gained mutation: You are robust. (+10% HP) [potion of
                  | mutation]
  3062 | D:3      | Lost mutation: You are robust. (+10% HP) [potion of
                  | mutation]
  3062 | D:3      | Lost mutation: Armour fits poorly on your strangely shaped
                  | body. [potion of mutation]
  3062 | D:3      | Gained mutation: You are very dopey. (Int -4) [potion of
                  | mutation]
  3062 | D:3      | Gained mutation: You expend magic power (3 MP) to
                  | strengthen your wands. [potion of mutation]
  3096 | D:4      | Noticed Natasha
  3104 | D:4      | Killed Natasha
  3167 | D:4      | Noticed Natasha
  3207 | D:4      | HP: 1/36 [Natasha (7)]
  3210 | D:4      | Slain by a cerulean imp

Illustrated notes

Levels and vault maps discovered:
D:1:      minmay_arrival_cross, layout_loops_cross
D:2:      layout_basic, chequers_ecumenical_altar_island, hex_medium,
          minmay_snake_closets, uniq_jessica
D:3:      layout_loops_ring, nicolae_overflow_hidden_temple,
          gammafunk_ghost_gnarly_gnolls, dreamdust_mushroom_princess,
          kennysheep_another_room, kennysheep_donut, minivault_25,
          glass_columns_b, kennysheep_orc_chapel
D:4:      layout_cave_pools, gammafunk_ghost_nasty_kobolds, serial_forest,
          infiniplex_forest_lined_3, infiniplex_forest_clump_cross,
          infiniplex_forest_corner_2, infiniplex_forest_clump_long,
          infiniplex_forest_join, infiniplex_forest_corner_1,
          infiniplex_forest_straight_2, infiniplex_forest_diagonal,
          infiniplex_forest_lined_2, uniq_natasha

Skill      XL: |  1  2  3  4  5 |
---------------+----------------+-----
Fighting       | 1 2 |  2.6
Dodging        | 2 |  2.6
Stealth        | 3 |  3.8
Conjurations   | 5 |  5.2
Spellcasting   | 3 |  3.1

Action                     |  1- 3 |  4- 6 || total
---------------------------+-------+-------++-------
  Melee: Short sword       |     3 |    41 ||    44
         Unarmed           |     2 |       ||     2
         Punch             |     1 |     1 ||     2
   Cast: Magic Dart        |    32 |    98 ||   130
    Use: Scroll            |       |     5 ||     5
         Potion            |       |     9 ||     9
   Stab: Invisible         |       |     1 ||     1
 Armour: Robe              |     3 |    27 ||    30
  Dodge: Dodged            |       |    46 ||    46
